 Dungeon Crawl Stone Soup version 0.30.1-9-gdf580d7c3d (webtiles) character file.

Game seed: 11412582832022015566

185 GigaChad the Chopper (level 5, 47/47 HPs) *EXPLORE*
             Began as a Minotaur Fighter on Oct 6, 2023.
             Quit the game on level 2 of the Dungeon.
             The game lasted 00:02:41 (1651 turns).

GigaChad the Chopper (Minotaur Fighter)             Turns: 1651, Time: 00:02:42

Health: 47/47      AC:  9    Str: 22    XL:     5   Next: 37%
Magic:  4/4        EV:  8    Int:  5    God:
Gold:   101        SH:  4    Dex: 10    Spells: 4/4 levels left

rFire   . . .        (no weapon)
rCold   . . .        c - +0 buckler
rNeg    . . .        h - +0 chain mail
rPois   .            (helmet restricted)
rElec   .            (no cloak)
rCorr   .            (no gloves)
SInv    .            (no boots)
Will    .....        (no amulet) Stlth
                     (no ring)
HPRegen 0.27/turn    (no ring)
MPRegen 0.09/turn

%: no passive effects
@: no status effects
A: horns 2, retaliatory headbutt
a: no special abilities


You were on level 2 of the Dungeon.
You visited 1 branch of the dungeon, and saw 2 of its levels.

You collected 101 gold pieces.

Inventory:

Hand Weapons
 k - the +5 woodcutter's axe
   (You found it on level 2 of the Dungeon)
Armour
 c - a +0 buckler (worn)
 h - a +0 chain mail (worn)
Jewellery
 g - a +4 ring of protection
Scrolls
 b - a scroll of fear {unknown}
 e - 2 scrolls of enchant armour {unknown}
 f - a scroll of amnesia {unknown}
 j - a scroll of fog {unknown}
Potions
 d - a potion of might
 i - a potion of curing {unknown}


   Skills:
 * Level 4.4 Fighting
 * Level 4.8 Axes
 * Level 4.7 Armour
 * Level 4.5 Shields


You had 4 spell levels left.
You didn't know any spells.
Your spell library contained the following spells:

 Spells                   Type           Power      Damage    Failure   Level
 Necrotise                Necr           0%         1d4       98%         1
 Ensorcelled Hibernation  Hex/Ice        0%         N/A       99%         2
 Spider Form              Tmut/Pois      0%         N/A       100%        3
 Vampiric Draining        Necr           0%         2d6       100%        3
 Anguish                  Hex/Necr       0%         N/A       100%        4
 Agony                    Necr           0%         N/A       100%        5


Dungeon Overview and Level Annotations

Branches:
Dungeon (2/15)

Altars:

Shops:
D:2 [


Innate Abilities, Weirdness & Mutations

You have a pair of horns on your head.
You reflexively headbutt those who attack you in melee.


Message History

The gnoll sergeant is moderately wounded.
The gnoll sergeant closely misses you.
Unknown command.
You barely miss the gnoll sergeant. You headbutt the gnoll sergeant.
The gnoll sergeant is heavily wounded.
The gnoll sergeant hits you with a +0 trident!
You are too injured to fight recklessly!
Unknown command.
You are too injured to fight recklessly!
Unknown command.
You slash the gnoll sergeant!
Your headbutt misses the gnoll sergeant.
The gnoll sergeant is severely wounded.
The gnoll sergeant hits you with a +0 trident!
* * * LOW HITPOINT WARNING * * *
The gnoll sergeant hits you with a +0 trident.
* * * LOW HITPOINT WARNING * * *
Unknown command.
You slash the gnoll sergeant!
The gnoll sergeant is almost dead.
You block the gnoll sergeant's attack.
Unknown command.
You slash the gnoll sergeant!
You kill the gnoll sergeant!
You have reached level 5!
You start resting.
You start resting.
HP restored.
You start waiting.
Done waiting.
Things that are here:
a +0 trident; a +0 scale mail
There is a broken door here.
Things that are here:
a +0 club; a gnoll skeleton You see here the +5 woodcutter's axe.
k - the +5 woodcutter's axe You are now empty-handed.
You drop a +0 war axe.
You can't wield that with only one hand.
Are you sure you want to abandon this character and quit the game? (Confirm with "yes".)

## ### #.
###.### ...
♣♣#..@..#♣♣
...
♣.#...[.#)♣
#####
♣.#.....#.♣
#....
♣.###)###.♣
#.###
♣)....)...♣
#.#
♣♣....♣..♣♣
#.#
♣♣.♣..)♣♣
#.# ♣.....♣
## #.#
♣♣...♣♣ ..#
#.#


There were no monsters in sight!

Vanquished Creatures
  A gnoll sergeant (D:2)
  Natasha (D:2)
  3 gnolls (D:2)
  An adder (D:2)
  A dart slug (D:1)
  7 endoplasms
  3 giant cockroaches
  5 goblins
  5 hobgoblins
  5 kobolds
  3 quokkas (D:2)
  6 ball pythons
  5 bats
  2 frilled lizards (D:1)
  5 rats
53 creatures vanquished.

Notes
Turn   | Place    | Note
-------+----------+-------------------------------------------
     0 | D:1      | GigaChad the Minotaur Fighter began the quest for the Orb.
     0 | D:1      | Reached XP level 1. HP: 19/19 MP: 0/0
    51 | D:1      | Entered explore mode.
   214 | D:1      | Reached XP level 2. HP: 27/27 MP: 1/1
   435 | D:1      | Reached XP level 3. HP: 32/33 MP: 2/2
   937 | D:2      | Found Idaunof's Armour Shop.
  1268 | D:2      | Noticed Natasha
  1280 | D:2      | Reached XP level 4. HP: 20/40 MP: 3/3
  1280 | D:2      | Killed Natasha
  1388 | D:2      | Noticed a gnoll sergeant
  1389 | D:2      | Found the +5 woodcutter's axe
  1400 | D:2      | Killed a gnoll sergeant
  1401 | D:2      | Reached XP level 5. HP: 8/47 MP: 4/4
  1651 | D:2      | Quit the game

Illustrated notes

Levels and vault maps discovered:
D:1:      dpeg_arrival_rooms_b, layout_basic
D:2:      layout_loops_ring, serial_shops, shop, pf_guarded_unrand_woodcutter,
          uniq_natasha

Skill      XL: |  1  2  3  4 |
---------------+-------------+-----
Fighting       | 4 |  4.4
Armour         | 4 |  4.7
Shields        | 4 |  4.5
Axes           | 3 4 |  4.8

Action                     |  1- 3 |  4- 6 || total
---------------------------+-------+-------++-------
  Melee: War axe           |    94 |    15 ||   109
         Headbutt          |    12 |     2 ||    14
 Armour: Scale mail        |     2 |       ||     2
         Chain mail        |    46 |     4 ||    50
  Dodge: Dodged            |    37 |     8 ||    45
  Block: Buckler           |    32 |     1 ||    33
